Map: Golden Wall LE

Players

Reynor - Winner!

  • Race: Zerg Zerg
  • League: Master
  • Spawn Location: 7:00

Future

  • Race: Terran Terran
  • Spawn Location: 5:00

Event: Shopify TSL 5

VOD

Have the link to the VOD?

Description

Time

  • Played on: May 16, 2020, 2:04 p.m.
  • Length: 10:54

All games in this series

Show
View Real Time Build Order
Export as new Build Order

Reynor Zerg - Winner!

Build Orders: Hatch First, Muta Ling Bane 

Get SALT Encoding   

  12  0:00  Drone  
  13  0:12  Overlord  
  13  0:17  Drone  
  14  0:31  Drone x2  
  16  0:50  Hatchery  
  16  0:53  Drone  
  16  0:56  Drone  
  17  1:00  Drone  
  18  1:11  Extractor  
  18  1:18  Spawning Pool  
  16  1:19  Drone  
  16  1:23  Drone  
  18  1:29  Drone  
  19  1:39  Drone  
  20  1:49  Overlord  
  20  2:04  Queen x2  
  20  2:05  Zergling x4  
  26  2:14  Drone x2  
  28  2:17  Metabolic Boost  
  28  2:22  Drone  
  29  2:23  Drone  
  30  2:33  Drone  
  30  2:34  Drone  
  32  2:44  Hatchery  
  32  2:47  Drone  
  32  2:49  Drone  
  33  2:56  Overlord  
  33  3:00  Drone  
  33  3:03  Queen  
  35  3:08  Pneumatized Carapace  
  35  3:15  Drone x2  
  35  3:16  Drone  
  35  3:17  Zergling x2  
  35  3:19  Zergling x2  
  40  3:22  Overlord  
  40  3:25  Drone  
  41  3:27  Drone  
  41  3:33  Zergling x2  
  43  3:40  Queen  
  43  3:41  Overlord  
  45  3:43  Drone  
  45  3:46  Drone x2  
  45  3:47  Drone  
  49  3:49  Drone  
  49  3:55  Queen, Overlord  
  50  4:00  Zergling x4  
  54  4:06  Drone  
  54  4:08  Drone  
  56  4:11  Overlord  
  56  4:15  Queen  
  58  4:17  Drone  
  58  4:19  Drone  
  58  4:23  Drone  
  61  4:24  Drone x2  
  61  4:28  Lair  
  61  4:30  Drone  
  64  4:31  Queen  
  64  4:32  Drone  
  64  4:37  Drone x3  
  64  4:38  Drone  
  71  4:39  Drone  
  71  4:44  Drone  
  71  4:45  Drone  
  74  4:48  Drone x3  
  77  4:53  Extractor x2, Drone, Baneling Nest  
  77  4:55  Queen  
  77  5:01  Drone  
  77  5:02  Drone x2  
  77  5:03  Spore Crawler  
  77  5:05  Spore Crawler  
  77  5:06  Drone  
  79  5:09  Spore Crawler  
  79  5:12  Drone  
  79  5:14  Zergling x6  
  82  5:16  Overlord  
  82  5:20  Drone, Spore Crawler  
  82  5:25  Spore Crawler  
  82  5:26  Drone  
  82  5:27  Overlord  
  82  5:31  Extractor, Queen  
  82  5:32  Spire  
  82  5:35  Overseer  
  82  5:36  Zergling x6  
  82  5:37  Zergling x2  
  82  5:40  Overlord  
  86  5:43  Queen  
  86  5:45  Drone x2  
  86  5:47  Drone  
  86  5:49  Drone x2  
  93  5:50  Drone  
  93  5:52  Drone  
  93  5:55  Spore Crawler  
  93  5:56  Zergling x4  
  96  5:59  Zergling x2  
  96  6:00  Baneling x5  
  96  6:01  Baneling  
  97  6:05  Drone  
  97  6:07  Drone x3  
  97  6:08  Extractor  
  97  6:09  Extractor  
  98  6:11  Queen  
  98  6:12  Drone  
  98  6:16  Zergling x6  
  98  6:17  Baneling  
  95  6:26  Zergling x10  
  95  6:29  Overlord  
  98  6:33  Drone x4  
  98  6:34  Zergling x2  
  98  6:36  Drone x2  
  104  6:44  Drone  
  104  6:45  Extractor  
  103  6:47  Zerg Flyer Weapons Level 1  
  103  6:50  Drone x2  
  105  6:54  Drone x3  
  105  6:59  Evolution Chamber  
  105  7:00  Evolution Chamber, Hatchery  
  105  7:09  Corruptor  
  100  7:17  Centrifical Hooks  
  100  7:22  Zergling x20  
  109  7:25  Overlord  
  109  7:34  Overlord  
  109  7:36  Zerg Ground Armor Level 1, Zerg Melee Weapons Level 1  
  109  7:37  Zergling x8  
  109  7:43  Overlord  
  113  7:48  Drone x5  
  118  7:54  Drone  
  118  7:56  Overlord  
  119  8:00  Mutalisk x4  
  127  8:06  Mutalisk  
  127  8:09  Mutalisk x3  
  127  8:10  Overlord  
  127  8:11  Overlord  
  127  8:12  Overlord  
  135  8:14  Baneling x5  
  135  8:18  Mutalisk x2  
  139  8:20  Drone x3  
  139  8:24  Drone x2  
  144  8:28  Mutalisk  
  144  8:31  Hatchery, Mutalisk, Spore Crawler  
  144  8:33  Baneling  
  144  8:34  Drone x3, Baneling  
  146  8:38  Zergling x2  
  146  8:39  Zergling x8  
  146  8:41  Zergling x2  
  155  8:42  Baneling x5  
  155  8:44  Spore Crawler  
  154  8:48  Baneling x3  
  154  8:50  Zergling x2  
  154  8:51  Zergling x8  
  154  8:54  Baneling x5  
  154  8:55  Baneling  
  159  8:56  Zergling x2  
  159  8:59  Overlord  
  159  9:02  Baneling x4  
  160  9:04  Zergling x8  
  164  9:10  Zergling x10  
  164  9:12  Baneling x7  
  164  9:14  Zergling x4  
  164  9:16  Overlord  
  169  9:18  Zergling x4  
  169  9:19  Zergling x2  
  171  9:28  Zergling x8  
  174  9:35  Zergling x2  
  148  9:45  Drone x6  
  149  9:46  Drone  
  149  9:47  Baneling x7  
  149  9:48  Zergling x2  
  149  9:52  Baneling x4  
  151  9:53  Zergling x18  
  151  9:56  Zergling x2  
  151  9:57  Baneling x3  
  161  10:02  Zergling x6  
  161  10:06  Zergling x10  
  166  10:13  Baneling x10  
  166  10:17  Zergling x10  
  171  10:24  Overlord  
  171  10:25  Zergling x2  
  171  10:26  Zergling x12  
  173  10:35  Zergling x2  
  173  10:36  Zergling x12  
Show
View Real Time Build Order
Export as new Build Order

Future Terran 

Build Orders: Command Center First (CC) 

Get SALT Encoding   

  12  0:00  SCV  
  13  0:12  SCV  
  14  0:17  Supply Depot  
  14  0:25  SCV  
  15  0:39  SCV  
  16  0:51  SCV  
  17  1:00  Command Center  
  17  1:03  SCV  
  18  1:15  SCV  
  18  1:17  Barracks  
  19  1:23  Refinery  
  19  1:27  SCV  
  19  1:31  Refinery  
  21  1:40  SCV  
  21  1:52  SCV  
  22  2:04  Orbital Command, Reaper  
  23  2:11  Orbital Command  
  23  2:20  Factory  
  23  2:29  SCV  
  24  2:36  Barracks Reactor  
  24  2:39  SCV  
  24  2:41  SCV  
  25  2:51  SCV  
  26  2:54  SCV  
  27  3:00  Refinery  
  27  3:03  SCV  
  28  3:06  SCV  
  28  3:12  Starport, Marine x2  
  31  3:13  Factory Tech Lab  
  31  3:15  SCV  
  31  3:18  SCV  
  33  3:20  Supply Depot  
  33  3:22  Bunker  
  33  3:27  SCV  
  33  3:30  SCV, Marine x2  
  33  3:33  Starport  
  37  3:39  SCV  
  38  3:42  SCV  
  38  3:51  SCV  
  38  3:52  Supply Depot  
  38  3:54  SCV  
  40  3:55  Fusion Core  
  40  3:59  Marine  
  40  4:00  Marine  
  42  4:03  SCV, Supply Depot  
  42  4:06  SCV  
  44  4:12  Starport Tech Lab  
  44  4:15  SCV  
  45  4:18  SCV  
  46  4:25  Command Center  
  46  4:27  SCV  
  46  4:30  SCV  
  48  4:33  Supply Depot  
  48  4:43  Battlecruiser  
  54  4:45  SCV  
  54  4:46  SCV  
  56  4:54  Battlecruiser  
  56  4:58  SCV x2  
  64  5:05  Refinery  
  64  5:06  Barracks Tech Lab, Supply Depot  
  64  5:10  SCV  
  64  5:11  SCV  
  64  5:13  Barracks  
  66  5:15  Factory Reactor  
  66  5:19  Barracks  
  66  5:23  SCV x2  
  66  5:25  Stimpack  
  68  5:29  Engineering Bay  
  68  5:32  Engineering Bay  
  68  5:34  Marine  
  68  5:35  SCV x2  
  71  5:38  Orbital Command  
  71  5:46  Barracks x2  
  71  5:47  SCV x2  
  73  5:57  Terran Infantry Weapons Level 1  
  73  5:58  Terran Infantry Armor Level 1  
  73  6:01  SCV  
  73  6:02  SCV  
  75  6:05  Starport Reactor, Orbital Command  
  75  6:11  Siege Tank  
  78  6:12  Marine  
  78  6:13  Marine x4  
  78  6:14  SCV x2  
  85  6:19  Supply Depot  
  82  6:26  SCV x2  
  82  6:30  Marine x2  
  82  6:31  Marine x3  
  85  6:38  SCV  
  79  6:43  Siege Tank  
  79  6:46  Barracks Reactor  
  77  6:48  Marine x3  
  77  6:49  Marine  
  77  6:52  Barracks Reactor  
  80  7:03  Marine  
  80  7:06  Marine  
  77  7:12  Medivac  
  77  7:15  Siege Tank, Combat Shield  
  82  7:19  Marine x2  
  82  7:20  Marine  
  85  7:26  Supply Depot  
  85  7:28  Supply Depot  
  85  7:39  Starport Reactor  
  85  7:40  Supply Depot  
  85  7:41  Supply Depot  
  85  7:48  Siege Tank, Marine x3  
  85  7:49  Marine x6  
  99  7:55  Missile Turret  
  99  7:56  Supply Depot  
  99  7:57  Supply Depot  
  99  8:05  Marine x2  
  99  8:06  Missile Turret, Marine  
  99  8:07  Marine x6  
  99  8:09  Medivac  
  108  8:20  Siege Tank  
  108  8:21  Medivac  
  108  8:23  Marine x2  
  108  8:24  Marine  
  108  8:25  Marine x6  
  122  8:34  Supply Depot  
  122  8:35  Supply Depot x2  
  122  8:36  Supply Depot  
  122  8:41  Marine x3  
  122  8:43  Marine x4  
  122  8:44  Marine  
  122  8:45  Marine  
  131  8:51  Medivac  
  133  8:59  Marine x3  
  133  9:01  Marine x4  
  133  9:02  Marine x2, Supply Depot  
  134  9:03  Supply Depot  
  134  9:05  Siege Tank  
  139  9:17  Marine x3  
  139  9:18  Marine x4  
  139  9:20  Marine x2  
  148  9:26  Medivac  
  148  9:30  Supply Depot  
  150  9:31  Supply Depot  
  150  9:32  Refinery  
  150  9:34  Marine x2  
  150  9:35  Marine  
  150  9:36  Marine x3  
  132  9:40  Marine x3  
  132  9:42  Siege Tank  
  126  9:52  Marine x2  
  126  9:53  Marine  
  126  9:54  Marine x3  
  126  9:57  Marine  
  126  9:58  Marine x2  
  115  10:10  Marine x3  
  115  10:12  Marine x3  
  121  10:14  Siege Tank  
  121  10:15  Marine  
  121  10:16  Marine x2  
  125  10:27  Barracks  
  125  10:28  Marine x3  
  125  10:30  Marine x3  
  125  10:33  Marine x3  
  125  10:34  Barracks  
  130  10:38  Barracks  
Tags
 
Add a new tag
Caveats
  • Supply blocks, unpowered buildings, or Contaminate may cause inaccurate times.
  • Supply counts are checked every 10 seconds.